 Dungeon Crawl Stone Soup version 0.18.1-48-g4cf74bf (webtiles) character file.

120 DungeonyCrawlthano the Insei (level 4, -4/36 HPs)
             Began as a Demonspawn Monk on Aug 13, 2016.
             Slain by a worm (9 damage)
             ... on level 3 of the Dungeon.
             The game lasted 00:02:43 (3104 turns).

DungeonyCrawlthano the Insei (Demonspawn Monk)      Turns: 3104, Time: 00:02:44

Health: -4/36      AC:  4    Str: 11    XL:     4   Next: 75%
Magic:  4/4        EV: 13    Int: 12    God:
Gold:   142        SH:  0    Dex: 16    Spells: 0 memorised, 3 levels left

rFire  . . .     SeeInvis .       - Unarmed
rCold  . . .     Gourm    .     a - +0 robe
rNeg   . . .     Faith    .     (no shield)
rPois  .         Spirit   .     (no helmet)
rElec  .         Dismiss  .     (no cloak)
rCorr  .         Reflect  .     (no gloves)
SustAt .         Harm     .     (no boots)
MR     .....                    (no amulet)
Stlth  ++........               (no ring)
                                (no ring)

@: flying, not resistant to hostile enchantments, unstealthy
A: rugged brown scales 2
a: no special abilities


You were on level 3 of the Dungeon.
You were very hungry.

You visited 1 branch of the dungeon, and saw 3 of its levels.

You collected 142 gold pieces.

Inventory:

Armour
 a - a +0 robe (worn)
Jewellery
 j - an uncursed amulet of guardian spirit {unknown}
Wands
 n - a wand of paralysis (9/24)
Scrolls
 c - a scroll of magic mapping {unknown}
 e - 5 scrolls of teleportation {unknown}
 h - a scroll of enchant armour {unknown}
 i - 2 scrolls of identify {unknown}
 k - a scroll of fog {unknown}
 l - a scroll of amnesia {unknown}
 m - a scroll of remove curse {unknown}
Comestibles
 b - 4 bread rations
 f - a slice of pizza
 g - 3 fruits
 o - a beef jerky


   Skills:
 - Level 3.0 Fighting
 - Level 2.6 Dodging
 - Level 1.7 Stealth
 + Level 5.6 Unarmed Combat


You had 3 spell levels left.
You didn't know any spells.

Dungeon Overview and Level Annotations

Branches:
Dungeon (3/15)

Altars:
The Shining One

Annotations:
D:3 Arkhen's ghost, amateur DENe


Innate Abilities, Weirdness & Mutations

You are mostly covered in rugged brown scales (AC +2, +5% HP).


Message History

Arkhen's ghost is heavily damaged.
Arkhen's ghost barely misses you.
You hit the worm but do no damage. Arkhen's ghost misses you.
The worm bites you but does no damage.
You hit the worm.
The worm is moderately wounded.
Arkhen's ghost hits you but does no damage.
You barely miss the worm.
The worm is moderately wounded.
Arkhen's ghost hits you. The worm bites you.
* * * LOW HITPOINT WARNING * * *
You barely miss the worm.
The worm is lightly wounded.
Arkhen's ghost points at you and mumbles some strange words.
Pain shoots through your body!
* * * LOW HITPOINT WARNING * * *
You hit the worm.
The worm is heavily wounded.
The worm bites you!
You die...

#.# #..# #.# #..#
# #.# #..###.
###.########.>....
#.............###.
#.#.######## #
#.#.# #.#.#
#@#'### #Ww...#
#.....# #.....#
#.....#
#.#.......#
#....###.## #....'
.. #..?.## #


You could see a worm and Arkhen's ghost.

Vanquished Creatures
  A gnoll (D:1)
  4 adders
  An ooze (D:3)
  A worm (D:3)
  3 dart slugs (D:1)
  A giant gecko (D:1)
  8 bats
  3 giant cockroaches (D:3)
  9 goblins
  4 hobgoblins
  6 jackals (D:1)
  7 kobolds
  A quokka (D:3)
  3 ball pythons
  5 giant newts
  5 rats
62 creatures vanquished.

Notes
Turn   | Place    | Note
--------------------------------------------------------------
     0 | D:1      | DungeonyCrawlthano the Demonspawn Monk began the quest for the Orb.
     0 | D:1      | Reached XP level 1. HP: 18/18 MP: 1/1
   438 | D:1      | Reached skill level 4 in Unarmed Combat
   629 | D:1      | Gained mutation: You are partially covered in rugged brown scales (AC +1, +3% HP). [demonic ancestry]
   629 | D:1      | Reached XP level 2. HP: 13/24 MP: 2/2
   639 | D:1      | HP: 1/24 [giant gecko (5)]
  1314 | D:1      | Gained mutation: You are mostly covered in rugged brown scales (AC +2, +5% HP). [demonic ancestry]
  1314 | D:1      | Reached XP level 3. HP: 22/30 MP: 3/3
  1992 | D:2      | Found a glowing golden altar of the Shining One.
  2033 | D:2      | Reached skill level 5 in Unarmed Combat
  2053 | D:2      | Reached XP level 4. HP: 28/36 MP: 4/4
  3076 | D:3      | Noticed Arkhen's ghost (amateur DENe)
  3104 | D:3      | Slain by a worm

Skill      XL: |  1  2  3 |
---------------+----------+-----
Unarmed Combat | 4 5 |  5.6
Fighting       | |  3.0
Dodging        | |  2.6
Stealth        | |  1.7

Action                   |  1- 3 |  4- 6 || total
-------------------------+-------+-------++-------
Melee: Unarmed           |   164 |    97 ||   261
       Punch             |     2 |       ||     2
  Use: Potion            |       |     2 ||     2
 Stab: Sleeping          |     4 |     1 ||     5
  Eat: Chunk             |     3 |     3 ||     6
Armor: Robe              |    33 |    26 ||    59
Dodge: Dodged            |   122 |    65 ||   187
